 Dungeon Crawl Stone Soup version 0.30-a0-347-gf58ed5266c (webtiles) character file.

Game seed: 13636780167164797520

104801 runemasterragnar the Thaumaturge (level 15, -14/145 HPs)
             Began as a Purple Draconian Transmuter on Nov 5, 2022.
             Was a High Priest of Cheibriados.
             Killed from afar by a deep elf zephyrmancer (20 damage)
             ... with a bolt of lightning
             ... on level 1 of the Elven Halls on Nov 6, 2022.
             The game lasted 00:57:15 (31115 turns).

runemasterragnar the Thaumaturge (DrTm)            Turns: 31115, Time: 00:57:15

Health: -14/145    AC: 10    Str: 32    XL:     15   Next: 92%
Magic:  28/31      EV: 21    Int: 27    God:    Cheibriados [*****.]
Gold:   2357       SH:  5    Dex: 25    Spells: 12/38 levels left

rFire   + . .      SeeInvis .      - Unarmed
rCold   + . .      Faith    .    (no shield)
rNeg    + + .      Spirit   .    (body armour unavailable)
rPois   +          Reflect  +    (helmet currently unavailable)
rElec   .          Harm     .    l - +0 cloak
rCorr   .          Rampage  .    (no gloves)
Will    ++...                    (boots currently unavailable)
Stlth   ++........               m - amulet of reflection
HPRegen 0.44/turn                r - ring of protection from cold
MPRegen 0.22/turn                x - ring "Wuidic" {Fire rPois rN++}

@: appendages, very slow
A: talons 2, breathe power, AC +9, unfitting armour, cold-blooded, horns 1, cold
resistance 1, robust 1, wild magic 1
a: Breathe Dispelling Energy, End Transformation, Renounce Religion, Bend Time,
Temporal Distortion, Slouch, Step From Time


You were on level 1 of the Elven Halls.
You worshipped Cheibriados.
Cheibriados was extremely pleased with you.
You had temporarily grown beastly talons.
You visited 6 branches of the dungeon, and saw 25 of its levels.
You also visited: Ossuary.

You collected 2461 gold pieces.
You spent 104 gold pieces at shops.

Inventory:

Armour
 a - a +0 pair of boots (melded)
 l - a +0 cloak (worn)
 G - a +2 hat (melded)
Jewellery
 c - a ring of flight
 d - a ring of magical power
 m - an amulet of reflection (around neck)
 r - a ring of protection from cold (left hand)
 x - the ring "Wuidic" (right hand) {Fire rPois rN++}
   (You acquired it on level 7 of the Dungeon)

   [ring of fire]

   It enhances your fire magic.
   rF:        It protects you from fire.
   rC:        It makes you vulnerable to cold.
   rPois:     It protects you from poison.
   rN:        It greatly protects you from negative energy.
 B - an amulet of the acrobat
 E - a +6 ring of strength
 F - a +4 ring of protection
 I - a ring of positive energy
 N - a ring of ice
 P - a ring of positive energy
 R - a +6 ring of dexterity
Wands
 j - a wand of flame (7)
 k - a wand of digging (16)
 K - a wand of charming (12)
 M - a wand of acid (1)
Scrolls
 e - 5 scrolls of vulnerability
 f - 8 scrolls of teleportation
 g - 8 scrolls of enchant weapon
 h - 3 scrolls of silence
 i - 4 scrolls of enchant armour
 p - a scroll of brand weapon
 q - 6 scrolls of magic mapping
 v - 6 scrolls of butterflies
 w - 5 scrolls of amnesia
 y - a scroll of summoning
 C - 2 scrolls of torment
 D - 3 scrolls of noise
 T - a scroll of fear
 U - 2 scrolls of poison
Potions
 b - 7 potions of curing
 n - 7 potions of heal wounds
 o - 3 potions of haste
 s - 4 potions of flight
 t - a potion of experience {unknown}
 u - 4 potions of might
 z - a potion of invisibility
 A - 5 potions of cancellation
 H - 2 potions of mutation
 J - 4 potions of resistance
 L - a potion of magic
 O - 2 potions of attraction {unknown}
 Q - 3 potions of brilliance


   Skills:
 + Level 12.0 Fighting
 + Level 10.5 Dodging
 + Level 11.6 Unarmed Combat
 + Level 12.3 Spellcasting
 - Level 8.0 Hexes
 + Level 5.4 Translocations
 + Level 11.3 Transmutations
 - Level 6.4 Earth Magic
 + Level 11.0 Invocations
 - Level 6.4 Evocations


You had 12 spell levels left.
You knew the following spells:

 Your Spells              Type           Power      Damage    Failure   Level
a - Beastly Appendage     Tmut           100%       N/A       1%          1
b - Wereblood             Tmut           79%        N/A       1%          2
c - Spider Form           Tmut/Pois      57%        N/A       2%          3
d - Ice Form              Ice/Tmut       57%        N/A       5%          4
e - Petrify               Tmut/Erth      71%        N/A       1%          4
f - Tukima's Dance        Hex            68%        N/A       1%          3
g - Manifold Assault      Tloc           56%        N/A       6%          4
h - Yara's Violent Unrav  Hex/Tmut       37%        3d15      3%          5

Your spell library contained the following spells:

 Spells                   Type           Power      Damage    Failure   Level
 Apportation              Tloc           100%       N/A       1%          1
 Gell's Gravitas          Tloc           56%        N/A       2%          3
 Lesser Beckoning         Tloc           100%       N/A       2%          3
 Teleport Other           Tloc           56%        N/A       2%          3
 Inner Flame              Hex/Fire       66%        N/A       3%          3
 Ignite Poison            Fire/Tmut/Pois 64%        N/A       4%          3
 Foxfire                  Conj/Fire      100%       2x1d9     6%          1
 Magic Dart               Conj           84%        1d7       6%          1
 Passage of Golubria      Tloc           56%        N/A       6%          4
 Kindle Blastsparks       Fire/Tloc/Air  100%       2d18      8%          3
 Scorch                   Fire           64%        2d8       9%          2
 Searing Ray              Conj           42%        2d6       9%          2
 Sublimation of Blood     Necr           21%        N/A       9%          2
 Fulminant Prism          Conj/Hex       25%        3d14      10%         4
 Alistair's Intoxication  Tmut/Pois      38%        N/A       13%         5
 Irradiate                Conj/Tmut      28%        3d21      13%         5
 Borgnjor's Vile Clutch   Necr/Erth      22%        N/A       34%         5
 Animate Dead             Necr           21%        N/A       43%         4
 Flame Wave               Conj/Fire      32%        2d9       43%         4
 Sticky Flame             Conj/Fire      32%        2d5       43%         4
 Dispersal                Tloc           28%        N/A       58%         6
 Fireball                 Conj/Fire      16%        3d8       75%         5
 Freezing Cloud           Conj/Ice/Air   10%        6-21      75%         5
 Death Channel            Necr           10%        N/A       99%         6
 Starburst                Conj/Fire      16%        6d6       99%         6
 Summon Cactus Giant      Summ           10%        N/A       99%         6
 Malign Gateway           Summ/Tloc      20%        N/A       100%        7
 Summon Hydra             Summ           10%        N/A       100%        7
 Disjunction              Tloc           28%        N/A       100%        8
 Summon Horrible Things   Summ           10%        N/A       100%        8


Dungeon Overview and Level Annotations

Branches:
Dungeon (15/15)            Temple (0/1) D:5            Lair (5/5) D:10
 Shoals (1/4) Lair:2       Spider (1/4) Lair:3        Slime (0/5) Lair:4
    Orc (2/2) D:9             Elf (1/3) Orc:2        Vaults (0/5) D:13
 Depths (0/4) D:15        Ossuary (visited)

Altars:
Cheibriados
Elyvilon
Gozag
Qazlal
Trog
Uskayaw
Vehumet

Shops:
D:2 (*:=   D:10 (   Orc:2 (((**

Annotations:
D:5 3 runed translucent doors, billz999's ghost, novice TrMo
D:10 1 runed translucent door, petzl's ghost, novice FoDe
D:12 1 transporter
D:15 3 runed translucent doors, Egithrirag's ghost, journeyman HOFi
Lair:3 2 transporters, DeathPants's ghost, journeyman MiMo


Innate Abilities, Weirdness & Mutations

You have temporarily grown beastly talons.
You can breathe bolts of dispelling energy.
Your rich purple scales are hard. (AC +9)
You cannot fit into any form of body armour.
You are cold-blooded and may be slowed by cold attacks.
You have a pair of small horns on your head.
Your flesh is cold resistant. (rC+)
You are robust. (+10% HP)
Your spells are a little harder to cast, but a little more powerful.


Message History

Okay, then.
Casting: Beastly Appendage (safe; 1% risk of failure)
Confirm with . or Enter, or press ? or * to list all spells.
Aiming: Yara's Violent Unravelling (mildly dangerous; 3% risk of failure)
Press: ? - help, Dir - move target, f - you The unravelling is likely to hit you.
Continue anyway?
Okay, then.
Casting: Yara's Violent Unravelling (mildly dangerous; 3% risk of failure)
Confirm with . or Enter, or press ? or * to list all spells.
Okay, then.
Casting: Yara's Violent Unravelling (mildly dangerous; 3% risk of failure)
Confirm with . or Enter, or press ? or * to list all spells.
Space momentarily warps into an impossible shape!
You miss the +4 dire flail of protection.
You closely miss the deep elf zephyrmancer.
The +4 dire flail of protection hits you!!
The +4 dire flail of protection attacks as you move away!
The +4 dire flail of protection hits you!!
* * * LOW HITPOINT WARNING * * *
The +4 dire flail of protection hits you!!
* * * LOW HITPOINT WARNING * * *
The +4 dire flail of protection hits you.
* * * LOW HITPOINT WARNING * * *
Unknown command.
You feel much better.
The +4 dire flail of protection hits you!
* * * LOW HITPOINT WARNING * * *
The deep elf zephyrmancer casts a spell.
The deep elf zephyrmancer blinks!
The +4 dire flail of protection hits you!!
* * * LOW HITPOINT WARNING * * *
Okay, then.
Blink to where?
Press: ? - help, Dir - move target
As you read the scroll of blinking, it crumbles to dust.
The deep elf zephyrmancer casts a spell at you.
The bolt of lightning hits the +4 dire flail of protection.
The +4 dire flail of protection completely resists.
The bolt of lightning misses you. The bolt of lightning hits you!!
You die...

##...'[>.........##
...###..........## ##.#
#.........## #.# ##.......##
#.# #+##+##'# ##.####.##.##.#
#######
..............#######.....e#
##......###.####...(.e...e.ยง
##.##### #.# #@####..#####
###+## #.####.# .######
.....## #.##.).# .#######
......## #.##...##.#####..e
.......## #.##(.....###....#
........###.##)....###...#..
........+..........##.^#....
........##..#########..
........##..# ...


You could see a deep elf zephyrmancer and a +4 dire flail of protection.

Vanquished Creatures
  Jorgrun (Lair:2)
  Mlioglotl (Shoals:1)
  Rupert (Lair:4)
  Gastronok (D:9)
  A stone giant (D:15)
  A merfolk impaler (Shoals:1)
  Josephine (D:14)
  4 hydras
  A jorogumo (Spider:1)
  2 vault guards (D:13)
  3 catoblepae
  5 centaur warriors
  4 ogre magi (Orc:2)
  Erica (D:9)
  16 two-headed ogres
  3 dancing weapons (Elf:1)
  A radroach (Spider:1)
  3 tengu warriors
  3 boulder beetles
  A death yak (Lair:2)
  An orc high priest (Orc:2)
  4 skeletal warriors (D:12)
  2 sea snakes
  A glowing orange brain (shapeshifter) (D:13)
  13 harpies (Shoals:1)
  4 deep elf zephyrmancers (Elf:1)
  2 necromancers (D:13)
  2 wizards (D:13)
  2 ugly things
  8 deep elf pyromancers
  A wolf spider (Spider:1)
  2 orc knights (Orc:1)
  4 manticores
  4 cyclopes
  3 fauns (Shoals:1)
  5 merfolk sirens
  Joseph (D:8)
  A torpor snail (Spider:1)
  2 black mambas
  A gargoyle (D:12)
  2 efreet
  Maggie (D:7)
  3 unseen horrors
  A demonic crawler (Spider:1)
  7 komodo dragons
  8 cane toads
  3 rime drakes
  A kobold demonologist (D:10)
  A tengu conjurer (D:14)
  3 meliai (D:13)
  A queen bee (D:13)
  4 trolls
  A wind drake (shapeshifter) (D:13)
  Grinder (D:3)
  3 merfolk
  8 slime creatures (D:12)
  3 polar bears
  15 blink frogs
  A snapping turtle (Shoals:1)
  3 jumping spiders
  A shadow (D:11)
  4 culicivoras (Spider:1)
  A centaur simulacrum (D:15)
  6 wyverns
  4 wraiths (D:14)
  39 yaks
  A fire elemental (Elf:1)
  17 humans (D:13)
  A basilisk (Lair:3)
  3 steam dragons
  16 vampire mosquitoes
  4 redbacks
  Menkaure (D:7)
  8 wargs
  4 acid dragons
  11 water moccasins
  18 orc warriors
  2 black bears
  2 ice beasts
  34 ogres
  A centaur (shapeshifter) (D:13)
  13 wolves
  8 centaurs
  6 kobold brigands
  A phantom (D:5)
  12 bullfrogs
  3 necrophages
  6 gnoll sergeants
  11 scorpions
  20 killer bees
  2 howler monkeys
  16 electric eels
  A centaur zombie (Ossuary)
  5 hounds
  17 orc priests
  Crazy Yiuf (D:3)
  Jessica (D:3)
  24 orc wizards
  Natasha (thrice) (D:3)
  2 iguanas
  A scorpion zombie (Ossuary)
  3 mummies (Ossuary)
  12 gnolls
  An adder (D:4)
  A shadow imp (D:8)
  2 white imps (D:6)
  A worm (D:2)
  4 dart slugs
  58 orcs
  4 ball pythons
  3 bats
  An endoplasm (D:2)
  4 giant cockroaches
  5 gnoll zombies (Ossuary)
  6 hobgoblins
  4 jackals (D:1)
  4 quokkas
  3 frilled lizards
  5 goblins
  A goblin zombie (Ossuary)
  A hobgoblin zombie (Ossuary)
  16 kobolds
  3 kobold zombies (Ossuary)
  3 orc zombies (Ossuary)
  4 rats
667 creatures vanquished.

Vanquished Creatures (collateral kills)
  An orc warrior (Orc:1)
  2 orc priests (Orc:1)
3 creatures vanquished.

Vanquished Creatures (others)
  A deep elf archer (D:13)
  A wizard (D:8)
  A water moccasin (D:8)
  A centaur (D:13)
  6 fungi
  63 plants
73 creatures vanquished.

Grand Total: 743 creatures vanquished

Notes
Turn   | Place    | Note
-------+----------+-------------------------------------------
     0 | D:1      | runemasterragnar the Draconian Transmuter began the quest
                  | for the Orb.
     0 | D:1      | Reached XP level 1. HP: 16/16 MP: 3/3
   132 | D:1      | Reached XP level 2. HP: 19/23 MP: 3/5
   390 | D:1      | Learned a level 2 spell: Wereblood
   729 | D:2      | Found Damp's Antique Weapon Shoppe.
   977 | D:2      | Reached XP level 3. HP: 29/29 MP: 6/6
   983 | D:2      | Found Giemn's Book Shop.
   994 | D:2      | Found Vishehe's Assorted Antiques.
  1228 | D:2      | You fall into a shaft and drop 1 floor!
  1241 | D:3      | Noticed Jessica
  1249 | D:3      | Killed Jessica
  1250 | D:3      | Reached XP level 4. HP: 27/36 MP: 5/7
  1288 | D:3      | Noticed Grinder
  1576 | D:2      | Found Jeffei's Jewellery Shoppe.
  2288 | D:3      | Noticed Natasha
  2296 | D:3      | Killed Natasha
  2297 | D:3      | Reached XP level 5. HP: 39/42 MP: 7/9
  2314 | D:3      | Paralysed by Grinder for 3 turns
  2335 | D:3      | Killed Grinder
  2336 | D:3      | Reached XP level 6. HP: 18/51 MP: 8/10
  2355 | D:3      | Noticed Natasha
  2364 | D:3      | Killed Natasha
  2373 | D:3      | Noticed Natasha
  2383 | D:3      | Killed Natasha
  2549 | D:3      | Your scales start taking on a rich purple colour.
  2549 | D:3      | Reached XP level 7. HP: 42/57 MP: 11/13
  2748 | D:3      | Found a snail-covered altar of Cheibriados.
  2859 | D:3      | Became a worshipper of Cheibriados the Contemplative
  2987 | D:3      | Found a runed translucent door.
  2988 | D:3      | Noticed Crazy Yiuf
  3000 | D:3      | Killed Crazy Yiuf
  3439 | D:4      | Gained mutation: Your magical capacity is low. (-10% MP)
                  | [potion of mutation]
  3439 | D:4      | Gained mutation: You have a pair of small horns on your
                  | head. [potion of mutation]
  3440 | D:4      | Lost mutation: Your magical capacity is low. (-10% MP)
                  | [potion of mutation]
  3440 | D:4      | Lost mutation: You have a pair of small horns on your head.
                  | [potion of mutation]
  3440 | D:4      | Gained mutation: You are vulnerable to heat. (rF-) [potion
                  | of mutation]
  3440 | D:4      | Gained mutation: Your tail ends in a venomous barb. [potion
                  | of mutation]
  3440 | D:4      | Gained mutation: You expend magic power (3 MP) to
                  | strengthen your wands. [potion of mutation]
  3495 | D:4      | Found a sand-covered staircase.
  3500 | Ossuary  | Entered an ossuary
  3543 | Ossuary  | Reached skill level 1 in Evocations
  3675 | Ossuary  | Reached skill level 5 in Unarmed Combat
  3675 | Ossuary  | Reached skill level 5 in Spellcasting
  3675 | Ossuary  | Reached XP level 8. HP: 62/66 MP: 12/15
  3723 | Ossuary  | Reached * piety under Cheibriados
  4564 | D:5      | Entered Level 5 of the Dungeon
  4612 | D:5      | Reached skill level 1 in Invocations
  4775 | D:5      | Reached skill level 5 in Transmutations
  4922 | D:5      | Reached skill level 5 in Fighting
  5076 | D:5      | Reached XP level 9. HP: 68/74 MP: 17/17
  5103 | D:5      | Found a runed translucent gate.
  5104 | D:5      | Found a runed translucent gate.
  5104 | D:5      | Found a runed translucent gate.
  5105 | D:5      | Noticed billz999's ghost (novice TrMo)
  5369 | D:5      | Found a staircase to the Ecumenical Temple.
  5405 | D:5      | Lost mutation: You expend magic power (3 MP) to strengthen
                  | your wands. [potion of mutation]
  5405 | D:5      | Lost mutation: You are vulnerable to heat. (rF-) [potion of
                  | mutation]
  5405 | D:5      | Lost mutation: Your tail ends in a venomous barb. [potion
                  | of mutation]
  5405 | D:5      | Gained mutation: You have hidden genetic potential. [potion
                  | of mutation]
  5405 | D:5      | Gained mutation: You have great hidden genetic potential.
                  | [potion of mutation]
  5823 | D:6      | Reached ** piety under Cheibriados
  5933 | D:6      | Reached skill level 5 in Dodging
  6165 | D:6      | Found a stormy altar of Qazlal.
  6383 | D:7      | Noticed Maggie
  6625 | D:7      | Noticed Menkaure
  6633 | D:7      | Killed Menkaure
  7093 | D:6      | Learned a level 3 spell: Spider Form
  7109 | D:7      | Killed Maggie
  7854 | D:8      | Noticed Joseph
  7863 | D:8      | Killed Joseph
  8081 | D:8      | Reached *** piety under Cheibriados
  8087 | D:8      | Reached skill level 5 in Evocations
  8101 | D:8      | Reached XP level 10. HP: 54/83 MP: 16/20
  8358 | D:8      | Gained mutation: Your spells are a little harder to cast,
                  | but a little more powerful. [hidden potential]
  8591 | D:7      | Identified a scroll of acquirement
  8592 | D:7      | Acquired the ring "Wuidic" {Fire rPois rN++}
  8600 | D:7      | Learned a level 4 spell: Ice Form
  8900 | D:8      | Found a bloodstained altar of Trog.
  8911 | D:8      | Reached **** piety under Cheibriados
  8917 | D:8      | Noticed a wizard
  8918 | D:8      | Killed a wizard
  8983 | D:9      | Noticed a two-headed ogre
  8995 | D:9      | Killed a two-headed ogre
  9088 | D:9      | Noticed Gastronok
  9107 | D:9      | Killed Gastronok
  9108 | D:9      | Reached skill level 5 in Invocations
  9505 | D:9      | Found an opulent altar of Gozag.
  9714 | D:9      | Noticed Erica
  9724 | D:9      | Killed Erica
  9808 | D:9      | Found a staircase to the Orcish Mines.
  9821 | D:9      | Reached XP level 11. HP: 92/92 MP: 8/22
  9826 | D:9      | Gained mutation: You have a pair of small horns on your
                  | head. [hidden potential]
  9826 | D:9      | Lost mutation: You have great hidden genetic potential.
                  | [hidden potential expressed]
 10370 | D:9      | Learned a level 4 spell: Petrify
 10374 | D:9      | Learned a level 3 spell: Tukima's Dance
 10409 | D:10     | Entered Level 10 of the Dungeon
 10528 | D:10     | Found Leikkuxi's Antique Weapon Emporium.
 10749 | D:11     | Reached ***** piety under Cheibriados
 10764 | D:11     | Reached skill level 1 in Hexes
 10766 | D:11     | Reached skill level 1 in Earth Magic
 10828 | D:11     | Noticed a boulder beetle
 10940 | D:11     | Noticed a two-headed ogre
 10948 | D:11     | Killed a two-headed ogre
 11385 | D:10     | Found a staircase to the Lair.
 11510 | D:10     | Found a white marble altar of Elyvilon.
 11878 | D:10     | Found a hide-covered altar of Uskayaw.
 12180 | D:10     | Found a runed translucent door.
 12190 | D:10     | Noticed petzl's ghost (novice FoDe)
 13392 | Lair:1   | Entered Level 1 of the Lair of Beasts
 13898 | Lair:1   | Noticed a six-headed hydra
 13906 | Lair:1   | Killed a six-headed hydra
 13907 | Lair:1   | Reached XP level 12. HP: 78/103 MP: 16/24
 14329 | Lair:2   | Gained mutation: You are robust. (+10% HP) [hidden
                  | potential]
 14424 | Lair:2   | Identified the +1 battleaxe of Mutilation {vorpal, +Blink
                  | rC+}
 14621 | Lair:2   | Found a staircase to the Shoals.
 14871 | Lair:2   | Noticed a catoblepas
 15003 | Lair:2   | Killed a catoblepas
 15373 | Lair:2   | Noticed a death yak
 15380 | Lair:2   | Killed a death yak
 16861 | Lair:3   | Found a hole to the Spider Nest.
 16865 | Lair:3   | Reached ****** piety under Cheibriados
 17158 | Lair:3   | Reached skill level 5 in Hexes
 17261 | Lair:3   | Noticed a four-headed hydra
 17266 | Lair:3   | Killed a four-headed hydra
 17398 | Lair:3   | Reached XP level 13. HP: 122/122 MP: 22/26
 17443 | Lair:3   | Found a transporter.
 17457 | Lair:3   | Found a bloodstained altar of Trog.
 17457 | Lair:3   | Noticed DeathPants's ghost (journeyman MiMo)
 17698 | Lair:3   | Found a transporter.
 17920 | Lair:4   | Gained mutation: Your flesh is cold resistant. (rC+)
                  | [hidden potential]
 17920 | Lair:4   | Lost mutation: You have hidden genetic potential. [hidden
                  | potential expressed]
 18088 | Lair:4   | Found a staircase to the Slime Pits.
 18372 | Lair:4   | Reached skill level 5 in Earth Magic
 18524 | Lair:4   | Noticed Rupert
 18539 | Lair:4   | Killed Rupert
 19111 | Lair:4   | Reached skill level 10 in Spellcasting
 19525 | Lair:5   | Entered Level 5 of the Lair of Beasts
 20087 | Orc:1    | Entered Level 1 of the Orcish Mines
 20253 | Orc:2    | Entered Level 2 of the Orcish Mines
 20268 | Orc:2    | Found Seng's General Store.
 20275 | Orc:2    | Reached skill level 10 in Fighting
 20306 | Orc:2    | Bought a scroll of identify for 22 gold pieces
 20306 | Orc:2    | Bought a scroll of blinking for 82 gold pieces
 20805 | Orc:2    | Reached skill level 10 in Unarmed Combat
 20811 | Orc:2    | Reached XP level 14. HP: 57/133 MP: 28/28
 21685 | Orc:2    | Learned a level 4 spell: Manifold Assault
 21734 | Orc:2    | Found a staircase to the Elven Halls.
 21743 | Orc:2    | Found Wapsayl's General Store.
 21743 | Orc:2    | Found Ehasucay's Antique Weapon Shop.
 21743 | Orc:2    | Found Ymueh's Antique Weapon Shop.
 21743 | Orc:2    | Found Niboh's Weapon Emporium.
 22523 | D:11     | Reached skill level 1 in Translocations
 22523 | D:11     | Reached skill level 10 in Transmutations
 23948 | D:12     | Noticed a tengu reaver
 24263 | D:12     | Found a radiant altar of Vehumet.
 24266 | D:12     | Found a transporter.
 24372 | D:12     | Found a shimmering altar of Xom.
 24372 | D:12     | Found a shimmering altar of Xom.
 24372 | D:12     | Found a shimmering altar of Xom.
 24372 | D:12     | Found a shimmering altar of Xom.
 24372 | D:12     | Found a shimmering altar of Xom.
 24372 | D:12     | Found a shimmering altar of Xom.
 25144 | D:13     | Found a gate to the Vaults.
 25525 | D:13     | Reached skill level 10 in Invocations
 25765 | D:13     | Learned a level 5 spell: Yara's Violent Unravelling
 26087 | D:13     | Reached XP level 15. HP: 119/141 MP: 28/30
 26616 | D:14     | Noticed Josephine
 26621 | D:14     | Killed Josephine
 27439 | D:15     | Entered Level 15 of the Dungeon
 27577 | D:15     | Reached skill level 10 in Dodging
 28040 | D:15     | Found a staircase to the Depths.
 28561 | D:15     | Found a runed translucent gate.
 28563 | D:15     | Found a runed translucent gate.
 28564 | D:15     | Found a runed translucent gate.
 28566 | D:15     | Noticed Egithrirag's ghost (journeyman HOFi)
 28831 | Spider:1 | Entered Level 1 of the Spider Nest
 29414 | Shoals:1 | Entered Level 1 of the Shoals
 29414 | Shoals:1 | Noticed Jorgrun
 29430 | Lair:2   | Killed Jorgrun
 29947 | Shoals:1 | Noticed Mlioglotl
 29962 | Shoals:1 | Killed Mlioglotl
 29987 | Shoals:1 | Reached skill level 5 in Translocations
 30515 | Elf:1    | Entered Level 1 of the Elven Halls
 31114 | Elf:1    | HP: 5/145 [+4 dire flail of protection (20)]
 31115 | Elf:1    | Killed from afar by a deep elf zephyrmancer

Illustrated notes

Levels and vault maps discovered:
D:1:      roderic_dead_forest, layout_basic
D:2:      layout_rooms, serial_shops, shop_statue, nicolae_shop_hallway_plus,
          shop, nicolae_shop_statue_plus, serial_co_window_serial,
          co_window_corner_a, co_window_corner_a, co_window_of_opportunity_a,
          co_window_corner_a, co_window_corner_a, co_window_corner_ca,
          co_window_unsneaky_path_e, co_window_paths_c,
          co_window_unsneaky_path_e, co_window_broadway_c,
          co_window_unsneaky_path_a, co_window_paths_d, co_window_4corner_a
D:3:      layout_rooms, amcnicky_altar_gilded, nicolae_kite_square_tiling_tiny,
          uniq_jessica, uniq_crazy_yiuf_cottage, uniq_natasha, uniq_grinder
D:4:      layout_basic, enter_ossuary_2, grunt_decor_mini_mirrors, minivault_24
D:5:      layout_loops_ring, lemuel_temple_firewalk_b,
          ebering_ghost_rock_garden, minmay_a_box_with_orc_wizards_in_it
D:6:      layout_rooms, marbit_many_paths
D:7:      layout_basic, nicolae_titane, uniq_maggie, uniq_menkaure
D:8:      minmay_bubble_buster, layout_rooms, trog_wizard, kennysheep_boxes,
          uniq_joseph
D:9:      layout_rooms, mainiacjoe_overflow_alcove_1,
          kennysheep_orc_monster_closet_entryway, uniq_gastronok, uniq_erica
D:10:     layout_basic, nicolae_elyvilon_temple_path,
          nicolae_overflow_crystal_walls, serial_shops,
          nicolae_shop_behind_doors, ebering_ghost_inner_flame,
          hangedman_decor_lopped
D:11:     layout_layer_cave
D:12:     gammafunk_sealed_library, layout_cross, xom_shifter_show
D:13:     layout_basic, grunt_vaults_entry_tiered, nicolae_looking_at_the_future
D:14:     layout_irregular_city, minivault_5, minmay_misc_feat_more_columns,
          uniq_josephine
D:15:     grunt_enter_depths_snipers, layout_basic, gammafunk_ghost_necromancy,
          hangedman_decor_cross_pass
Lair:1:   layout_cave_pods, serial_bayou_pond_d, nicolae_lair_liquid_snakes
Lair:2:   layout_gridlike, elwin_shoals_entry_stream,
          hangedman_lair_generics_rect
Lair:3:   layout_layer_cave, spider_nest_entry_a,
          gammafunk_ghost_wrathful_warriors, lemuel_fruit_tree,
          grunt_megastairs_3, infiniplex_staircase_pool_2, serial_bayou_shore_a
Lair:4:   layout_loops_ring, dpeg_slime_entry_corner, grunt_megastairs_5,
          uniq_rupert
Lair:5:   hangedman_lair_caniforms_friends, layout_loops_ring,
          guppyfry_lair_end_dragon, st_stairs_6, chequers_serial_rivers_micro_c,
          lemuel_fruit_fields, grunt_megastairs_4
Shoals:1: layout_shoals, uniq_jorgrun, uniq_mlioglotl
Spider:1: layout_spider_delve, hellmonk_motheaten_closet, uniq_frances
Orc:1:    layout_caves
Orc:2:    st_orc_ogre_mass, layout_caves, serial_shops, shop
Elf:1:    nicolae_elf_arrival_fired_up, layout_gridlike, minmay_elf_sorcery

Skill      XL: |  1  2  3  4  5  6  7  8  9 10 11 12 13 14 15 |
---------------+----------------------------------------------+-----
Dodging        | 2 3 4 5 6 7 8 9 10 | 10.5
Fighting       | 2 3 4 5 6 7 8 9 10 11 12 | 12.0
Unarmed Combat | 4 5 6 7 8 9 10 11 | 11.6
Spellcasting   | 3 4 5 6 7 8 9 10 11 12 | 12.3
Transmutations | 3 4 5 6 7 8 9 10 11 | 11.3
Evocations     | 2 3 5 6 |  6.4
Invocations    | 2 4 5 6 7 9 10 11 | 11.0
Hexes          | 3 5 6 8 |  8.0
Earth Magic    | 2 4 6 |  6.4
Translocations | 3 5 |  5.4

Action                   |  1- 3 |  4- 6 |  7- 9 | 10-12 | 13-15 || total
-------------------------+-------+-------+-------+-------+-------++-------
Melee: Unarmed           |    98 |    76 |   325 |   439 |   745 ||  1683
       Kick              |    18 |    15 |    73 |    24 |    18 ||   148
       Headbutt          |    10 |     7 |    43 |    22 |     9 ||    91
       Tailslap          |    10 |     2 |    30 |    12 |     6 ||    60
       Punch             |     3 |     1 |     8 |     5 |     2 ||    19
 Cast: Beastly Appendage |    24 |    12 |    52 |    17 |    12 ||   117
       Wereblood         |       |     2 |    12 |    13 |    16 ||    43
       Spider Form       |       |       |     4 |     1 |       ||     5
       Ice Form          |       |       |       |    44 |    66 ||   110
       Yara's Violent Un |       |       |       |       |     5 ||     5
       Manifold Assault  |       |       |       |       |     5 ||     5
Invok: Slouch            |       |       |       |     2 |    12 ||    14
       Bend Time         |       |       |       |       |     3 ||     3
 Abil: Breathe Dispellin |       |       |    13 |     9 |     5 ||    27
       End Transformatio |       |       |       |     1 |       ||     1
Evoke: Wand              |       |       |     1 |    16 |     7 ||    24
  Use: Potion            |       |     5 |     5 |     1 |     5 ||    16
       Scroll            |       |     3 |    13 |    11 |     9 ||    36
 Stab: Sleeping          |     1 |     1 |     1 |     2 |       ||     5
       Distracted        |       |       |       |       |     1 ||     1
Armor: Skin              |    36 |    27 |    87 |    90 |   249 ||   489
Dodge: Dodged            |    52 |    25 |   186 |   353 |   776 ||  1392
Block: Other             |       |       |    41 |   106 |   204 ||   351
       Reflection        |       |       |     1 |     4 |    15 ||    20

Table legend: (Time is in decaauts)
 A = Elapsed time spent in this place.
 B = Non-inter-level travel time spent in this place.
 C = Inter-level travel time spent in this place.
 D = Time resting spent in this place.
 E = Time spent auto-exploring this place.
 F = Levels seen in this place.
 G = Mean time per level.
                   A        B        C        D        E       F      G
               +--------+--------+--------+--------+--------+-----+--------+
         Total |  42883 |  40013 |   2870 |   5368 |  28485 |  26 | 1649.3 |
       Dungeon |  25940 |  24468 |   1472 |   3039 |  17877 |  15 | 1729.3 |
          Lair |  11125 |   9977 |   1148 |   1390 |   7424 |   5 | 2225.0 |
        Shoals |    635 |    635 |      0 |    165 |    215 |   1 |  635.0 |
   Spider Nest |    617 |    617 |      0 |      0 |    451 |   1 |  617.0 |
  Orcish Mines |   3234 |   2987 |    247 |    688 |   1734 |   2 | 1617.0 |
   Elven Halls |    788 |    788 |      0 |     86 |    549 |   1 |  788.0 |
       Ossuary |    543 |    543 |      0 |      0 |    234 |   1 |  543.0 |
               +--------+--------+--------+--------+--------+-----+--------+

Top non-repeatable levels by time:
  Lair:2: 3482 daAuts
    D:11: 3096 daAuts
  Lair:4: 2852 daAuts
    D:10: 2727 daAuts
  Lair:1: 2368 daAuts
     D:9: 2359 daAuts
  Lair:3: 2335 daAuts
    D:13: 2329 daAuts
     D:8: 2181 daAuts
    D:15: 1801 daAuts
     D:7: 1702 daAuts
    D:14: 1670 daAuts
   Orc:1: 1630 daAuts
   Orc:2: 1603 daAuts
     D:2: 1522 daAuts
